 Dungeon Crawl Stone Soup version 0.29.0-4-gdea44cf6ec (webtiles) character file.

Game seed: 17283747579830083844

81 qw the Chopper (level 4, 0/39 HPs)
             Began as a Minotaur Berserker on Sept 10, 2022.
             Was a Follower of Trog.
             Slain by a gnoll
             ... wielding a +0 whip
              (8 damage)
             ... on level 2 of the Dungeon.
             The game lasted 00:00:29 (1486 turns).

qw the Chopper (Minotaur Berserker)                 Turns: 1486, Time: 00:00:30

Health: 0/39       AC:  8    Str: 24    XL:     4   Next: 19%
Magic:  3/3        EV:  8    Int:  4    God:    Trog [*.....]
Gold:   72         SH:  0    Dex:  9    Spells: 3/3 levels left

rFire   . . .      SeeInvis .   Y - +0 war axe
rCold   . . .      Faith    .   (no shield)
rNeg    . . .      Spirit   .   g - +0 chain mail
rPois   +          Reflect  .   (helmet restricted)
rElec   .          Harm     .   (no cloak)
rCorr   .          Rampage  .   (no gloves)
Will    .....                   (no boots)
Stlth   ..........              (no amulet)
HPRegen 0.13/turn               e - ring of poison resistance
MPRegen 0.08/turn               (no ring)

@: on berserk cooldown, slowed, very slow
A: horns 2, retaliatory headbutt
a: Renounce Religion, Berserk


You were on level 2 of the Dungeon.
You worshipped Trog.
Trog was aware of your devotion.
You visited 1 branch of the dungeon, and saw 2 of its levels.

You collected 72 gold pieces.


Innate Abilities, Weirdness & Mutations

You have a pair of horns on your head.
You reflexively headbutt those who attack you in melee.


   Skills:
 - Level 3.6 Fighting
 + Level 6.1 Axes
 - Level 2.4 Armour
 - Level 2.1 Dodging


You had 3 spell levels left.
You didn't know any spells.
Your spell library was empty.

Inventory:

Hand Weapons
 b - a +0 whip
 Y - a +0 war axe (weapon)
Missiles
 c - 2 boomerangs (quivered)
Armour
 g - a +0 chain mail (worn)
Jewellery
 e - a ring of poison resistance (left hand)
Scrolls
 f - a scroll of immolation {unknown}
 h - a scroll of amnesia {unknown}
 j - a scroll of noise {unknown}
Potions
 a - a potion of curing {unknown}
 d - a potion of attraction {unknown}
 i - a potion of might

Dungeon Overview and Level Annotations

Branches:
Dungeon (2/15)

Altars:


Message History

The gnoll hits you with a +0 whip.
The gnoll hits you but does no damage. x2
The gnoll hits you with a +0 whip.
You barely miss the gnoll.
The gnoll is moderately wounded.
You barely miss the gnoll. The gnoll hits you but does no damage.
The gnoll closely misses you.
The gnoll drinks a potion.
The gnoll suddenly seems more resistant.
The gnoll barely misses you. You furiously retaliate!
You headbutt the gnoll. You slash the gnoll!
The gnoll is almost dead.
You slash the gnoll! The gnoll barely misses you. The gnoll closely misses you.
You furiously retaliate!
You headbutt the gnoll!
You kill the gnoll!
Trog accepts your kill.
Your Axes skill increases to level 6!
You have reached level 4!
You feel stronger.
You closely miss the gnoll.
The gnoll is heavily wounded.
You slash the gnoll! The gnoll closely misses you.
The gnoll barely misses you. x2
The gnoll hits you with a +0 whip.
You closely miss the gnoll.
The gnoll is severely wounded.
You barely miss the gnoll. The gnoll closely misses you.
The gnoll barely misses you. The gnoll hits you but does no damage.
The gnoll hits you with a +0 whip.
You slash the gnoll!
You kill the gnoll!
Trog accepts your kill.
You barely miss the gnoll.
The gnoll hits you but does no damage. x2
You hit the gnoll. Your headbutt misses the gnoll.
The gnoll is severely wounded.
The gnoll closely misses you. The gnoll hits you with a +0 whip.
You closely miss the gnoll.
The gnoll is severely wounded.
The gnoll hits you with a +0 whip!
You die...

####.........#
#####.......#.#
#.######### #...##..#.#
#.# ..........#.# #.#
......##..#.# #.#
##############..#.# #.#
# #.... .#######..#.#
#.. #.#... ............#
###
#<...###.#######....#
#.##.##@g%).#.....#....#
#.....))#####.###.#....#
#.............###.#.#..#
##..............#......#
.............%......#.##
##...........######.#.#
#.....................
#.....................#
.......g...............


You could see a gnoll.

Vanquished Creatures
  2 gnolls (D:2)
  An adder (D:2)
  4 worms (D:2)
  4 ball pythons
  An endoplasm (D:1)
  A giant cockroach (D:2)
  A goblin (D:2)
  3 hobgoblins
  3 jackals (D:1)
  6 kobolds
  3 quokkas
  4 bats
  6 frilled lizards
  2 rats (D:2)
41 creatures vanquished.

Vanquished Creatures (others)
  4 withered plants (D:2)
4 creatures vanquished.

Grand Total: 45 creatures vanquished

Notes
Turn   | Place    | Note
-------+----------+-------------------------------------------
     0 | D:1      | qw the Minotaur Berserker began the quest for the Orb.
     0 | D:1      | Reached XP level 1. HP: 19/19 MP: 0/0
     0 | D:1      | 0 ||| qw: Version: 0.1-a-116-g5d60599
     0 | D:1      | 0 ||| qw: Game counter: 7677
     0 | D:1      | 0 ||| qw: Always use a shield: true
     0 | D:1      | 0 ||| qw: Do Orc after D:15 true
     0 | D:1      | 0 ||| qw: Do second Lair branch before Depths: true
     0 | D:1      | 0 ||| qw: Lair rune preference: random
     0 | D:1      | 0 ||| qw: Plans: Normal
     0 | D:1      | 0 ||| PLANNING D:1-11
   148 | D:1      | Reached skill level 4 in Axes
   237 | D:1      | Reached XP level 2. HP: 19/26 MP: 1/1
   517 | D:1      | 517 ||| SWAPPING to +0 war axe.
   519 | D:1      | 519 ||| DROPPING +0 hand axe.
   760 | D:1      | Reached skill level 5 in Axes
   785 | D:1      | 785 ||| UPGRADING to +0 leather armour.
   795 | D:1      | 795 ||| DROPPING +0 animal skin.
   796 | D:1      | 796 ||| UPGRADING to +0 chain mail.
   806 | D:1      | 806 ||| DROPPING +0 leather armour.
   807 | D:1      | 807 ||| UPGRADING to ring of poison resistance.
   808 | D:1      | 808 ||| READING scroll labelled UGOYCA IMOZUH.
   812 | D:1      | 812 ||| DRINKING 2 red potions.
   859 | D:2      | 859 ||| INVOKING Berserk.
   862 | D:2      | Reached XP level 3. HP: 31/31 MP: 2/2
  1072 | D:2      | 1072 ||| DROPPING +0 club.
  1164 | D:2      | 1164 ||| INVOKING Berserk.
  1300 | D:2      | 1300 ||| INVOKING Berserk.
  1456 | D:2      | 1456 ||| Stepping ~*~*~tactically~*~*~ (stealth).
  1457 | D:2      | 1457 ||| INVOKING Berserk.
  1467 | D:2      | 1467 ||| Stepping ~*~*~tactically~*~*~ (stealth).
  1482 | D:2      | Reached skill level 6 in Axes
  1482 | D:2      | Reached XP level 4. HP: 13/39 MP: 3/3
  1485 | D:2      | HP: 8/39 [gnoll/+0 whip (3)]
  1486 | D:2      | Slain by a gnoll

Levels and vault maps discovered:
D:1:      tarquinn_simple_flora_water_e, layout_loops_ring
D:2:      layout_basic, ebering_ecumenical_altar_petrified, minivault_4,
          minmay_misc_feat_doors

Skill      XL: |  1  2  3 |
---------------+----------+-----
Axes           | 4 5 6 |  6.1
Fighting       | |  3.6
Armour         | |  2.4
Dodging        | |  2.1

Action                   |  1- 3 |  4- 6 || total
-------------------------+-------+-------++-------
Melee: Hand axe          |    20 |       ||    20
       War axe           |    48 |     5 ||    53
       Headbutt          |     4 |       ||     4
Throw: Boomerang         |    60 |       ||    60
Invok: Berserk           |     4 |       ||     4
  Use: Scroll            |     1 |       ||     1
       Potion            |     1 |       ||     1
Armor: Animal skin       |     9 |       ||     9
       Chain mail        |    23 |     3 ||    26
Dodge: Dodged            |    33 |     6 ||    39

Table legend:
 A = Non-vault XP
 B = Vault XP
 C = Vault XP percentage of total XP
 D = Non-vault monster count
 E = Vault monster count
 F = Vault count percentage of total count
                 A         B        C        D         E       F
            +---------+---------+-------+---------+---------+-------
      Total |     116 |       0 |   0.0 |      41 |       0 |   0.0
            +---------+---------+-------+---------+---------+-------
        D:1 |      35 |       0 |   0.0 |      21 |       0 |   0.0
        D:2 |      81 |       0 |   0.0 |      20 |       0 |   0.0
            +---------+---------+-------+---------+---------+-------
